 Dungeon Crawl Stone Soup version 0.30.0-19-gbf45117a57 (webtiles) character file.

Game seed: 13164370385976921070

767 qw the Chopper (level 7, -3/44 HPs)
             Began as a Gargoyle Fighter on May 25, 2023.
             Slain by an ogre
             ... wielding a +0 giant club
              (10 damage)
             ... on level 5 of the Dungeon.
             The game lasted 00:02:01 (3830 turns).

qw the Chopper (Gargoyle Fighter)                   Turns: 3830, Time: 00:02:02

Health: -3/44      AC: 15    Str: 22    XL:     7   Next: 82%
Magic:  7/7        EV:  9    Int:  8    God:
Gold:   757        SH:  9    Dex:  9    Spells: 6/6 levels left

rFire   . . .        Y - +0 war axe
rCold   . . .        c - +0 buckler
rNeg    + . .        b - +0 scale mail
rPois   inf          k - +0 helmet
rElec   +            g - +0 cloak
rCorr   .            i - +0 pair of gloves
SInv    .            (no boots)
Will    .....        n - amulet of reflection Stlth
                     (no ring)
HPRegen 0.27/turn    (no ring)
MPRegen 0.10/turn

%: reflection
@: about to teleport
A: sickness immunity, AC +4, negative energy resistance 1, electricity
resistance, torment resistance 1, petrification resistance
a: no special abilities


You were on level 5 of the Dungeon.
You visited 1 branch of the dungeon, and saw 5 of its levels.

You collected 757 gold pieces.


Innate Abilities, Weirdness & Mutations

You are immune to sickness and miasma.
Your stone body is resilient. (AC +4)
You are immune to poison.
You resist negative energy. (rN+)
You are resistant to electric shocks. (rElec)
You are resistant to unholy torment.
You are immune to petrification.


   Skills:
 + Level 4.7 Fighting
 - Level 7.0 Axes
 - Level 1.0 Throwing
 - Level 3.2 Armour
 - Level 1.2 Dodging
 - Level 3.2 Shields


You had 6 spell levels left.
You didn't know any spells.
Your spell library was empty.

Inventory:

Hand Weapons
 t - a +0 flail
 Y - a +0 war axe (weapon)
Missiles
 p - a boomerang (quivered)
Armour
 a - the +10 chain mail of the Volcano {Str+2 Dex+5}
   (You found it on level 5 of the Dungeon)

   Str:       It affects your strength (+2).
   Dex:       It affects your dexterity (+5).
 b - a +0 scale mail (worn)
 c - a +0 buckler (worn)
 g - a +0 cloak (worn)
 i - a +0 pair of gloves (worn)
 k - a +0 helmet (worn)
Jewellery
 n - an amulet of reflection (around neck)
Scrolls
 e - 4 scrolls of identify
Potions
 d - 3 potions of might
 h - 2 potions of heal wounds
 j - a potion of curing
 l - a potion of brilliance {unknown}
 o - a potion of degeneration {unknown}
 r - a potion of resistance {unknown}
 v - 2 potions of attraction {unknown}

Dungeon Overview and Level Annotations

Branches:
Dungeon (5/15)
 Temple: D:4-7

Altars:

Shops:
D:2 !

Portals:
Abyss: D:4

Annotations:
D:4 2 transporters, qw's ghost, amateur GrCA


Message History

You slash the white imp!
You kill the white imp!
You see here a potion of flight.
Found a war axe.
You see here a +0 war axe.
You see here a +0 war axe.
a - the +10 chain mail of the Volcano {Str+2 Dex+5} You see here a +0 spear.
There is a stone staircase leading down here.
An iguana comes into view.
The ogre shouts!
You hear an angry hiss.
You throw a javelin. The javelin closely misses the iguana.
The javelin barely misses the ogre.
You throw a boomerang. The boomerang hits the iguana.
The iguana is lightly wounded.
An adder comes into view.
You hit the iguana but do no damage.
The iguana is lightly wounded.
You block the iguana's attack.
You completely miss the iguana.
The iguana is lightly wounded.
You block the iguana's attack.
You hit the iguana but do no damage.
The iguana is lightly wounded.
The iguana bites you!
You hit the iguana but do no damage.
The iguana is lightly wounded.
You slash the ogre!
The ogre hits you with a +0 giant club!!
You block the iguana's attack.
You hit the ogre.
The ogre is moderately wounded.
You closely miss the iguana. The iguana completely misses you.
The ogre hits you with a +0 giant club. The iguana bites you!
The adder bites you but does no damage.
3830 ||| READING scroll of teleportation.
As you read the scroll of teleportation, it crumbles to dust.
You feel strangely unstable. The adder closely misses you.
The ogre hits you with a +0 giant club!
You die...

(. ######### ## ...
......^.# ###. ..#
........# #... ...
........####.## #.#
........#....## #..#
..........#####
##.l########.########
#..O@................
#.#S....##..#######..
##.##.##.# ###.#
#.##.##.##.# #<#.#
#.......##.######.#(#
#######..>).........#
#....######.###
#.........#....
#.##...##.#####


You could see an ogre, an iguana and an adder.

Vanquished Creatures
  A black bear (D:5)
  A phantom (D:5)
  3 scorpions (D:5)
  A howler monkey (D:4)
  A hound (D:5)
  A jelly (D:5)
  A sleepcap (D:4)
  Natasha (thrice) (D:2)
  2 orc wizards
  Robin (D:2)
  3 adders
  2 white imps (D:5)
  A worm (D:2)
  3 dart slugs
  8 orcs
  4 ball pythons
  4 bats
  7 endoplasms
  7 giant cockroaches
  11 goblins
  10 hobgoblins
  4 jackals (D:3)
  7 kobolds
  8 quokkas
  12 frilled lizards
  4 rats
110 creatures vanquished.

Notes
Turn   | Place    | Note
-------+----------+-------------------------------------------
     0 | D:1      | qw the Gargoyle Fighter began the quest for the Orb.
     0 | D:1      | Reached XP level 1. HP: 14/14 MP: 1/1
     0 | D:1      | 0 ||| qw: Version: 0.2-a-98-g5d7165a
     0 | D:1      | 0 ||| qw: Game counter: 83
     0 | D:1      | 0 ||| qw: Always use a shield: true
     0 | D:1      | 0 ||| qw: God list: Okawaru
     0 | D:1      | 0 ||| qw: Allow faded altars: false
     0 | D:1      | 0 ||| qw: Do Orc after D:15 true
     0 | D:1      | 0 ||| qw: Do second Lair branch before Depths: true
     0 | D:1      | 0 ||| qw: Lair rune preference: random
     0 | D:1      | 0 ||| qw: Plans: Normal, Zot:1-4, God:TSO, Crypt, Tomb,
                  | Pan, Slime:5, Hells, Abyss, Win
     0 | D:1      | 0 ||| PLANNING D:1-11
    40 | D:1      | Reached skill level 2 in Axes
   163 | D:1      | 163 ||| Stepping ~*~*~tactically~*~*~ (hiding).
   164 | D:1      | 164 ||| Stepping ~*~*~tactically~*~*~ (hiding).
   165 | D:1      | 165 ||| Stepping ~*~*~tactically~*~*~ (hiding).
   166 | D:1      | 166 ||| Stepping ~*~*~tactically~*~*~ (hiding).
   171 | D:1      | Reached XP level 2. HP: 19/19 MP: 2/2
   345 | D:1      | 345 ||| Stepping ~*~*~tactically~*~*~ (stealth).
   346 | D:1      | 346 ||| Stepping ~*~*~tactically~*~*~ (stealth).
   356 | D:1      | 356 ||| Stepping ~*~*~tactically~*~*~ (stealth).
   627 | D:1      | Reached skill level 3 in Axes
   796 | D:1      | Reached XP level 3. HP: 23/23 MP: 3/3
   828 | D:1      | 828 ||| UPGRADING to +0 pair of gloves.
   833 | D:1      | 833 ||| READING scroll labelled ZAAMUULUHO.
   834 | D:1      | 834 ||| READING scroll labelled HOTAFR JIKE.
   835 | D:1      | 835 ||| READING scroll labelled KOXUOCKAEQE.
   857 | D:2      | Found Qatee's Distillery.
   858 | D:2      | Found a faded altar of an unknown god.
   870 | D:2      | 870 ||| SHOPLISTING 2 potions of curing (78 gold, have 15).
   870 | D:2      | 870 ||| SHOPLISTING potion of curing (39 gold, have 15).
   870 | D:2      | 870 ||| SHOPLISTING potion of haste (130 gold, have 15).
   870 | D:2      | 870 ||| SHOPLISTING potion of heal wounds (65 gold, have
                  | 15).
   872 | D:2      | Noticed Natasha
   873 | D:2      | 873 ||| Stepping ~*~*~tactically~*~*~ (hiding).
   874 | D:2      | 874 ||| Stepping ~*~*~tactically~*~*~ (hiding).
   875 | D:2      | 875 ||| Stepping ~*~*~tactically~*~*~ (stealth).
   876 | D:2      | 876 ||| Stepping ~*~*~tactically~*~*~ (hiding).
   877 | D:2      | 877 ||| Stepping ~*~*~tactically~*~*~ (hiding).
   885 | D:2      | Killed Natasha
   893 | D:2      | Reached XP level 4. HP: 12/28 MP: 4/4
   948 | D:2      | 948 ||| Stepping ~*~*~tactically~*~*~ (stealth).
   950 | D:2      | 950 ||| Stepping ~*~*~tactically~*~*~ (stealth).
  1022 | D:2      | Reached skill level 4 in Axes
  1055 | D:2      | 1055 ||| Stepping ~*~*~tactically~*~*~ (stealth).
  1078 | D:2      | Noticed Robin
  1079 | D:2      | 1079 ||| Stepping ~*~*~tactically~*~*~ (hiding).
  1080 | D:2      | 1080 ||| Stepping ~*~*~tactically~*~*~ (hiding).
  1081 | D:2      | 1081 ||| Stepping ~*~*~tactically~*~*~ (hiding).
  1082 | D:2      | 1082 ||| Stepping ~*~*~tactically~*~*~ (stealth).
  1083 | D:2      | 1083 ||| Stepping ~*~*~tactically~*~*~ (hiding).
  1090 | D:2      | Killed Robin
  1221 | D:2      | Noticed Natasha
  1222 | D:2      | 1222 ||| Stepping ~*~*~tactically~*~*~ (hiding).
  1235 | D:2      | HP: 7/28 [Natasha (4)]
  1239 | D:2      | Killed Natasha
  1240 | D:2      | Reached XP level 5. HP: 10/32 MP: 5/5
  1423 | D:2      | Noticed Natasha
  1424 | D:2      | 1424 ||| Stepping ~*~*~tactically~*~*~ (hiding).
  1438 | D:2      | HP: 8/32 [Natasha/magic dart (5)]
  1440 | D:2      | Killed Natasha
  1441 | D:2      | Reached skill level 5 in Axes
  1637 | D:2      | 1637 ||| UPGRADING to +0 helmet.
  1642 | D:2      | 1642 ||| READING 2 scrolls labelled IHEYX LOAT.
  1643 | D:2      | 1643 ||| DRINKING 3 viscous brown potions.
  1644 | D:2      | 1644 ||| DRINKING 2 fizzy dark potions.
  1645 | D:2      | 1645 ||| DRINKING 2 fizzy white potions.
  1646 | D:2      | 1646 ||| DROPPING 2 potions of flight.
  1647 | D:2      | 1647 ||| DROPPING potion of magic.
  1796 | D:3      | 1796 ||| Stepping ~*~*~tactically~*~*~ (hiding).
  1812 | D:3      | 1812 ||| DROPPING +0 club.
  1815 | D:3      | 1815 ||| Stepping ~*~*~tactically~*~*~ (hiding).
  1932 | D:3      | 1932 ||| Stepping ~*~*~tactically~*~*~ (stealth).
  1934 | D:3      | 1934 ||| Stepping ~*~*~tactically~*~*~ (stealth).
  2196 | D:3      | Reached XP level 6. HP: 38/38 MP: 6/6
  2310 | D:3      | 2310 ||| UPGRADING to +0 cloak.
  2315 | D:3      | 2315 ||| UPGRADING to amulet of reflection.
  2320 | D:3      | 2320 ||| READING scroll labelled VAVINIELYN.
  2324 | D:3      | 2324 ||| READING scroll labelled GAOCAO BUUXEALAE.
  2325 | D:3      | 2325 ||| READING scroll labelled JUPRIF MOSTRORR.
  2326 | D:3      | 2326 ||| READING scroll labelled NIQE QEVIORHUE.
  2477 | D:4      | Reached skill level 1 in Dodging
  2564 | D:4      | Reached skill level 1 in Throwing
  2642 | D:4      | Noticed a small abomination
  2653 | D:4      | Found a transporter.
  2665 | D:4      | 2665 ||| DROPPING +0 whip.
  2712 | D:4      | Found a transporter.
  2722 | D:4      | Found a one-way gate to the infinite horrors of the Abyss.
  2722 | D:4      | Noticed qw's ghost (amateur GrCA)
  3152 | D:4      | 3152 ||| READING scroll labelled SISAWYHAGU.
  3153 | D:4      | 3153 ||| READING scroll labelled KOWOGH PA WIRI.
  3254 | D:4      | 3254 ||| READING scroll labelled WAID YTIUT.
  3254 | D:4      | Identified a scroll of acquirement
  3254 | D:4      | 3254 ||| ACQUIRING 615 gold pieces
  3254 | D:4      | Acquired 615 gold pieces
  3256 | D:4      | 3256 ||| READING 3 scrolls of identify.
  3256 | D:4      | 3256 ||| IDENTIFYING grey potion
  3257 | D:4      | 3257 ||| READING 2 scrolls of identify.
  3257 | D:4      | 3257 ||| IDENTIFYING murky yellow potion
  3258 | D:4      | 3258 ||| DROPPING potion of berserk rage.
  3268 | D:5      | Entered Level 5 of the Dungeon
  3279 | D:5      | Noticed a black bear
  3289 | D:5      | Killed a black bear
  3290 | D:5      | Reached XP level 7. HP: 37/43 MP: 7/7
  3372 | D:5      | 3372 ||| Stepping ~*~*~tactically~*~*~ (stealth).
  3401 | D:5      | Reached skill level 6 in Axes
  3536 | D:5      | Reached skill level 7 in Axes
  3581 | D:5      | 3581 ||| Stepping ~*~*~tactically~*~*~ (hiding).
  3585 | D:5      | HP: 5/43 [ogre/+0 giant club (24)]
  3586 | D:5      | 3586 ||| READING 2 scrolls of teleportation.
  3587 | D:5      | 3587 ||| DRINKING 3 potions of heal wounds.
  3798 | D:5      | Identified the +10 chain mail of the Volcano {Str+2 Dex+5}
  3829 | D:5      | HP: 6/44 [iguana (10)]
  3830 | D:5      | 3830 ||| READING scroll of teleportation.
  3830 | D:5      | Slain by an ogre

Levels and vault maps discovered:
D:1:      ebering_trefoil_twist, layout_loops_ring, eino_curves_01,
          minmay_misc_feat_five
D:2:      layout_rooms, dreamdust_ecumenical_altar_statues, serial_shops,
          nicolae_shop_tiny_statue_garden, fountainhead, uniq_robin,
          uniq_natasha
D:3:      kennysheep_big_flooded_room, layout_rooms, minmay_lizard_king,
          uniq_crazy_yiuf_cottage
D:4:      layout_gridville, gammafunk_ghost_abyssal_escape
D:5:      kennysheep_steamy, layout_basic, chequers_mini_garden

Skill      XL: |  1  2  3  4  5  6  7 |
---------------+----------------------+-----
Axes           | 2 3 4 5 7 |  7.0
Fighting       | 4 |  4.7
Dodging        | 1 |  1.2
Throwing       | 1 |  1.0
Armour         | |  3.2
Shields        | |  3.2

Action                     |  1- 3 |  4- 6 |  7- 9 || total
---------------------------+-------+-------+-------++-------
  Melee: War axe           |    66 |   196 |    59 ||   321
  Throw: Javelin           |       |    25 |     5 ||    30
         Boomerang         |       |     3 |    11 ||    14
    Use: Scroll            |     3 |    10 |     2 ||    15
         Potion            |       |     3 |     1 ||     4
 Armour: Scale mail        |    27 |   101 |    27 ||   155
  Dodge: Dodged            |    24 |    95 |    16 ||   135
  Block: Buckler           |    10 |    58 |    20 ||    88
         Reflection        |       |     2 |       ||     2

Table legend:
 A = Non-vault XP
 B = Vault XP
 C = Vault XP percentage of total XP
 D = Non-vault monster count
 E = Vault monster count
 F = Vault count percentage of total count
                 A         B        C        D         E       F
            +---------+---------+-------+---------+---------+-------
      Total |    1012 |      84 |   7.7 |      88 |      22 |  20.0
            +---------+---------+-------+---------+---------+-------
        D:1 |      36 |       0 |   0.0 |      21 |       0 |   0.0
        D:2 |     118 |      73 |  38.2 |      19 |      14 |  42.4
        D:3 |      85 |      10 |  10.5 |      24 |       7 |  22.6
        D:4 |     172 |       0 |   0.0 |      14 |       0 |   0.0
        D:5 |     601 |       1 |   0.2 |      10 |       1 |   9.1
            +---------+---------+-------+---------+---------+-------
